 Dungeon Crawl Stone Soup version 0.29-a0-1006-g0dd7720b37 (webtiles) character file.

Game seed: 9716159900178167400

103 Mesmaeker13 the Insei (level 4, -1/42 HPs)
             Began as an Octopode Transmuter on Aug 6, 2022.
             Slain by an orc
             ... wielding a +0 trident
              (3 damage)
             ... on level 3 of the Dungeon.
             The game lasted 00:02:42 (2687 turns).

Mesmaeker13 the Insei (Octopode Transmuter)         Turns: 2687, Time: 00:02:43

Health: -1/42      AC: 22    Str:  9    XL:     4   Next: 79%
Magic:  8/8        EV:  2    Int: 17    God:
Gold:   122        SH:  0    Dex: 12    Spells: 2/8 levels left

rFire   . . .      SeeInvis .     - Unarmed
rCold   . . .      Faith    .   (no shield)
rNeg    . . .      Spirit   .   (helmet currently unavailable)
rPois   +          Reflect  .   (no amulet)
rElec   .          Harm     .   i - ring of willpower
rCorr   .          Rampage  .   (no ring)
Will    +....      NoTele   +   (no ring)
Stlth   +.........              (no ring)
HPRegen 0.14/turn               (no ring)
MPRegen 0.11/turn               (no ring)
                                (no ring)
                                (no ring)

@: tree-form
A: stationary, stasis, torment immunity, boosted hp, almost no armour,
(amphibious), 8 rings, (camouflage 1), (gelatinous body 1), (nimble swimmer 1),
(tentacles)
a: no special abilities


You were on level 3 of the Dungeon.
You were a tree.
You visited 1 branch of the dungeon, and saw 4 of its levels.

You collected 122 gold pieces.

Inventory:

Hand Weapons
 f - a +0 trident
Jewellery
 i - a ring of willpower (left branch)
Scrolls
 c - a scroll of enchant armour {unknown}
 e - a scroll of poison {unknown}
 g - 2 scrolls of blinking {unknown}
 h - a scroll of silence {unknown}
 j - a scroll of magic mapping {unknown}
 k - 2 scrolls of teleportation {unknown}
 l - 3 scrolls of summoning {unknown}
Potions
 d - a potion of attraction {unknown}
 m - a potion of heal wounds {unknown}
 n - a potion of curing {unknown}


   Skills:
 - Level 1.0 Fighting
 - Level 2.0 Dodging
 + Level 3.9 Unarmed Combat
 + Level 2.9 Spellcasting
 + Level 3.1 Transmutations
 + Level 1.0 Poison Magic


You had 2 spell levels left.
You knew the following spells:

 Your Spells              Type           Power      Damage    Failure   Level
a - Beastly Appendage     Tmut           26%        N/A       4%          1
b - Wereblood             Tmut           13%        N/A       8%          2
c - Spider Form           Tmut/Pois      9%         N/A       22%         3

Your spell library contained the following spells:

 Spells                   Type           Power      Damage    Failure   Level
 Shock                    Conj/Air       8%         1d3       19%         1
 Swiftness                Air            2%         N/A       47%         3
 Ice Form                 Ice/Tmut       7%         N/A       67%         4
 Airstrike                Air            1%         2d(1-17)  87%         4


Dungeon Overview and Level Annotations

Branches:
Dungeon (4/15)
 Temple: D:4-7

Altars:


Innate Abilities, Weirdness & Mutations

You are a tree.
Your roots penetrate the ground, keeping you stationary.
You cannot be teleported.
You are immune to unholy pain and torment.
Your maximum health is greatly increased.
You cannot wear most types of armour.
((You are amphibious.))
You can wear up to eight rings at the same time.
((Your skin changes colour to match your surroundings (Stealth+).))
((Your rubbery body absorbs attacks. (AC +1, EV +1)))
((You are camouflaged when in or above water. (Stealth+)))
((You have tentacles for arms and can constrict up to eight enemies at once.))


Message History

You hit the orc but do no damage.
The orc is heavily wounded.
The orc hits you with a +0 club.
* * * LOW HITPOINT WARNING * * *
The orc hits you but does no damage.
You smack the orc!
You kill the orc!
The orc hits you but does no damage.
You aren't carrying any items that you can evoke.
Unknown command.
Throw: 4 darts (poison)
Press: ? - help, Q - select action, (/) - cycle Shift-Dir - straight line, f - orc
Aim: an orc, wielding a +0 trident (56% to hit)
You throw a poisoned dart.
The poisoned dart barely misses the orc.
The orc hits you but does no damage.
Throw: 3 darts (poison)
Press: ? - help, Q - select action, (/) - cycle Shift-Dir - straight line, f/p - orc
Aim: an orc, wielding a +0 trident (56% to hit)
You throw a poisoned dart. The poisoned dart hits the orc.
The orc hits you but does no damage.
Unknown command.
Throw: 2 darts (poison)
Press: ? - help, Q - select action, (/) - cycle Shift-Dir - straight line, f/p - orc
Aim: an orc, wielding a +0 trident (56% to hit)
You throw a poisoned dart.
The poisoned dart barely misses the orc.
The orc hits you but does no damage.
Throw: dart (poison)
Press: ? - help, Q - select action, (/) - cycle Shift-Dir - straight line, f/p - orc
Aim: an orc, wielding a +0 trident (56% to hit)
You throw a poisoned dart. The poisoned dart hits the orc.
The orc is poisoned.
The orc hits you from afar with a +0 trident.
* * * LOW HITPOINT WARNING * * *
The orc hits you from afar with a +0 trident.
* * * LOW HITPOINT WARNING * * *
The orc hits you but does no damage.
Unknown command.
The orc hits you from afar with a +0 trident.
You die...

.#.. .# # ..###.#.#
#..#..#.# ########
#.......# #......#
#.......# #.####.#
#..#.##.#######.# #.#
#>.........<....# #.# ###
##.#.<#.############.# ).
#.##.# #....)♣......####.#
#......#..#o#########....#
##.#####(###.o.o....##...#
#.# #..#..######.##... #.#
#.....#...##.##)### .#
####### #.........#
#...###.###)..# #. ...#
.....# ##### o#.#.#


You could see an orc (poisoned).

Vanquished Creatures
  Terence (D:2)
  3 adders
  3 orcs (D:3)
  5 endoplasms
  A giant cockroach (D:2)
  5 goblins
  5 hobgoblins
  4 jackals (D:1)
  2 kobolds (D:1)
  3 quokkas
  A ball python (D:1)
  5 bats
  3 frilled lizards (D:1)
  2 rats
43 creatures vanquished.

Notes
Turn   | Place    | Note
-------+----------+-------------------------------------------
     0 | D:1      | Mesmaeker13 the Octopode Transmuter began the quest for the
                  | Orb.
     0 | D:1      | Reached XP level 1. HP: 13/13 MP: 3/3
   367 | D:1      | Reached XP level 2. HP: 18/18 MP: 3/5
   936 | D:1      | Reached XP level 3. HP: 11/23 MP: 4/6
  1459 | D:1      | Learned a level 2 spell: Wereblood
  1461 | D:2      | Noticed Terence
  1982 | D:2      | Reached XP level 4. HP: 28/28 MP: 6/8
  2074 | D:2      | Learned a level 3 spell: Spider Form
  2136 | D:2      | You fall into a shaft and drop 2 floors!
  2260 | D:2      | Killed Terence
  2441 | D:2      | Reached skill level 1 in Poison Magic
  2685 | D:3      | HP: 2/42 [orc/+0 trident (2)]
  2687 | D:3      | Slain by an orc

Illustrated notes

Levels and vault maps discovered:
D:1:      saegor_arrival_simple_c, layout_basic
D:2:      layout_basic, uniq_terence
D:3:      cheibrodos_greedy_goblins, layout_loops_cross,
          grunt_temple_overflow_open, serial_co_window_serial,
          co_window_cross_1, co_window_paths_a, co_window_paths_b,
          co_window_paths_a, co_window_paths_b, co_window_broadway_b,
          co_window_corner_b, co_window_of_opportunity_c, co_window_paths_d,
          co_window_paths_e, glass_columns_a, glass_columns_b, glass_columns_a,
          glass_columns_a, glass_columns_c, chequers_serial_rivers_room_b,
          dreamdust_wishing_well
D:4:      layout_basic, pdpol_wu_jian_five_deadly_venoms,
          mainiacjoe_overflow_six_doors_small, serial_shops,
          nicolae_shop_statue_plus, grunt_ministairs_14, uniq_duvessa,
          uniq_eustachio

Skill      XL: |  1  2  3  4 |
---------------+-------------+-----
Transmutations | 3 |  3.1
Poison Magic   | 1 |  1.0
Fighting       | |  1.0
Dodging        | |  2.0
Unarmed Combat | |  3.9
Spellcasting   | |  2.9

Action                   |  1- 3 |  4- 6 || total
-------------------------+-------+-------++-------
Melee: Unarmed           |    73 |    28 ||   101
       Constrict         |    17 |     5 ||    22
       Kick              |    17 |     4 ||    21
       Tentacles         |    11 |     4 ||    15
       Punch             |     2 |       ||     2
Throw: Dart              |       |     4 ||     4
 Cast: Beastly Appendage |    26 |     4 ||    30
       Spider Form       |       |     1 ||     1
  Use: Potion            |       |     1 ||     1
 Stab: Sleeping          |     5 |     1 ||     6
Armor: Skin              |    12 |     9 ||    21
Dodge: Dodged            |    68 |    25 ||    93

Table legend: (Time is in decaauts)
 A = Elapsed time spent in this place.
 B = Non-inter-level travel time spent in this place.
 C = Inter-level travel time spent in this place.
 D = Time resting spent in this place.
 E = Time spent auto-exploring this place.
 F = Levels seen in this place.
 G = Mean time per level.
                   A        B        C        D        E       F      G
               +--------+--------+--------+--------+--------+-----+--------+
         Total |   2680 |   2483 |    197 |     80 |   2018 |   4 |  670.0 |
       Dungeon |   2680 |   2483 |    197 |     80 |   2018 |   4 |  670.0 |
               +--------+--------+--------+--------+--------+-----+--------+

Top non-repeatable levels by time:
     D:1: 1506 daAuts
     D:2: 1057 daAuts
     D:3: 92 daAuts
     D:4: 23 daAuts
